 Dungeon Crawl Stone Soup version 0.29.1-1-gd02db69 (webtiles) character file.

Game seed: 4629104195957061348

67737 jagoly the Transmogrifier (level 15, -42/136 HPs)
             Began as an Octopode Transmuter on Oct 4, 2022.
             Was an Initiate of Gozag.
             Annihilated by an enormous slime creature (48 damage)
             ... on level 13 of the Dungeon.
             The game lasted 02:21:19 (22269 turns).

jagoly the Transmogrifier (Octopode Transmuter)    Turns: 22269, Time: 02:21:19

Health: -42/136    AC: 32    Str: 10      XL:     15   Next: 24%
Magic:  18/27      EV: 16    Int: 27 (29) God:    Gozag
Gold:   4718       SH:  0    Dex: 12      Spells: 0/30 levels left

rFire   . . .      SeeInvis .     - Unarmed
rCold   . . .      Faith    .   c - orb {*channel}
rNeg    + . .      Spirit   .   (helmet restricted)
rPois   ∞          Reflect  .   m - amulet of regeneration
rElec   +          Harm     .   E - +6 ring of intelligence
rCorr   .          Rampage  .   W - +4 ring of protection
Will    +....                   Z - +4 ring of evasion
Stlth   +++.......              J - ring of flight
HPRegen 1.12/turn               N - ring of wizardry
MPRegen 0.20/turn               (no ring)
                                (no ring)
                                (no ring)

@: statue-form, wereblooded, freezing walls, flying, studying Necromancy, very
slow
A: slow and powerful, torment resistance 1, boosted hp, almost no armour,
amphibious, 8 rings, camouflage 1, (gelatinous body 1), (nimble swimmer 1),
tentacles
a: End Transformation, Renounce Religion, Potion Petition, Call Merchant, Bribe
Branch


You were on level 13 of the Dungeon.
You worshipped Gozag.
Gozag was most pleased with you.
You were a living statue of rough stone.
You visited 2 branches of the dungeon, and saw 18 of its levels.
You also visited: Bailey and Volcano.

You collected 6737 gold pieces.
You spent 724 gold pieces at shops.
You paid 1295 gold pieces to Gozag.

Inventory:

Hand Weapons
 j - a +0 sling
Missiles
 e - 21 poisoned darts
 l - 3 boomerangs of dispersal
 w - 9 atropa-tipped darts
 A - 4 silver javelins
 H - a curare-tipped dart
 I - 5 throwing nets
 M - 23 javelins
 Q - 5 boomerangs
Armour
 c - an orb of energy (worn)
Jewellery
 m - an amulet of regeneration (around mantle)
 v - a ring of fire
 E - a +6 ring of intelligence (left tentacle)
 J - a ring of flight (on tentacle)
 N - a ring of wizardry (on tentacle)
 W - a +4 ring of protection (right tentacle)
 Z - a +4 ring of evasion (on tentacle)
Wands
 q - a wand of roots (22)
 G - a wand of flame (29)
 K - a wand of polymorph (25)
 P - a wand of charming (16)
 S - a wand of mindburst (2)
 V - a wand of quicksilver (13)
Scrolls
 f - 4 scrolls of teleportation
 g - 3 scrolls of blinking
 n - 2 scrolls of magic mapping {unknown}
 p - 3 scrolls of fog
 r - 2 scrolls of summoning {unknown}
 s - 3 scrolls of noise {unknown}
 y - 4 scrolls of silence {unknown}
 C - a scroll of amnesia {unknown}
 F - a scroll of poison {unknown}
 L - 3 scrolls of immolation
 R - 3 scrolls of vulnerability
 Y - a scroll of brand weapon {unknown}
Potions
 a - 11 potions of heal wounds
 b - 3 potions of invisibility
 d - 6 potions of ambrosia
 h - 5 potions of curing
 i - a potion of magic {unknown}
 o - 4 potions of might
 t - 2 potions of mutation {unknown}
 u - 2 potions of cancellation {unknown}
 z - 3 potions of resistance
 B - 5 potions of haste
 O - 4 potions of brilliance
 T - 2 potions of lignification
 U - 3 potions of attraction
Miscellaneous
 k - a phial of floods
 X - a box of beasts


   Skills:
 + Level 10.7 Fighting
 - Level 2.0 Dodging
 - Level 2.0 Stealth
 + Level 10.7 Unarmed Combat
 * Level 8.2 Spellcasting
 - Level 2.0 Translocations
 + Level 13.4 Transmutations
 - Level 7.0 Ice Magic
 - Level 13.0 Earth Magic
 + Level 4.5 Poison Magic
 + Level 5.1 Evocations


You couldn't memorise any spells.
You knew the following spells:

 Your Spells              Type           Power      Damage    Failure   Level
b - Eringya's Noxious Bo  Tmut/Pois      28%        N/A       9%          6
t - Frozen Ramparts       Ice            96%        1d15      1%          3
A - Beastly Appendage     Tmut           100%       N/A       0%          1
B - Blink                 Tloc           42%        N/A       1%          2
I - Ignite Poison         Fire/Tmut/Pois 43%        N/A       1%          3
O - Ice Form              Ice/Tmut       60%        N/A       1%          4
P - Spider Form           Tmut/Pois      56%        N/A       1%          3
W - Wereblood             Tmut           70%        N/A       1%          2
Z - Statue Form           Tmut/Erth      46%        N/A       1%          6

Your spell library contained the following spells:

 Spells                   Type           Power      Damage    Failure   Level
 Freeze                   Ice            100%       1d11      1%          1
 Ensorcelled Hibernation  Hex/Ice        58%        N/A       1%          2
 Leda's Liquefaction      Hex/Erth       23%        N/A       1%          4
 Lee's Rapid Deconstruct  Erth           34%        3d18*     1%          5
 Gell's Gravitas          Tloc           21%        N/A       2%          3
 Lesser Beckoning         Tloc           21%        N/A       2%          3
 Teleport Other           Tloc           21%        N/A       2%          3
 Scorch                   Fire           22%        2d6       3%          2
 Sublimation of Blood     Necr           11%        N/A       3%          2
 Mephitic Cloud           Conj/Pois/Air  19%        N/A       3%          3
 Hailstorm                Conj/Ice       29%        3d8       4%          4
 Summon Ice Beast         Ice/Summ       29%        N/A       4%          4
 Anguish                  Hex/Necr       5%         N/A       21%         4
 Flame Wave               Conj/Fire      11%        2d6       21%         4
 Freezing Cloud           Conj/Ice/Air   11%        6-21      22%         5
 Manifold Assault         Tloc           21%        N/A       26%         5
 Summon Forest            Summ/Tloc      8%         N/A       34%         5
 Storm Form               Tmut/Air       23%        N/A       69%         7
 Summon Cactus Giant      Summ           5%         N/A       95%         6
 Summon Hydra             Summ           5%         N/A       100%        7


Dungeon Overview and Level Annotations

Branches:
Dungeon (13/15) Zot: 26783  Temple (0/1) D:6            Lair (5/5) D:8 Zot: 23637
  Swamp (0/4) Lair:2        Snake (0/4) Lair:3        Slime (0/5) Lair:5
    Orc (0/2) D:11         Bailey (visited)         Volcano (visited)
 Vaults: D:13-14

Altars:
Cheibriados
Dithmenos
Elyvilon
Fedhas
Gozag
Kikubaaqudgha
Nemelex Xobeh
Okawaru
Qazlal
Uskayaw
Vehumet
Wu Jian
Xom
Yredelemnul
The Shining One
Jiyva

Shops:
D:3 *:=   D:4 *   D:12 =

Annotations:
D:7 exclusion: upstairs
Lair:1 exclusion: 2 downstairs


Innate Abilities, Weirdness & Mutations

You are a living statue of rough stone.
Your actions are slow, but your melee attacks are powerful.
You are resistant to unholy torment.
Your maximum health is greatly increased.
You are immune to poison.
You cannot wear most types of armour.
You are amphibious.
You can wear up to eight rings at the same time.
Your skin changes colour to match your surroundings (Stealth+).
((Your rubbery body absorbs attacks. (AC +1, EV +1)))
((You are camouflaged when in or above water. (Stealth+)))
You have tentacles for arms and can constrict up to eight enemies at once.


Message History

A very large slime creature splits.
Two slime creatures merge to form a very large slime creature.
Unknown command.
Unknown command.
You thrash the very large slime creature!!!
You squeeze the very large slime creature.
The very large slime creature is heavily wounded.
Two slime creatures merge to form an enormous slime creature.
The wall freezes the slime creature!
The slime creature hits you!
Unknown command.
You bludgeon the enormous slime creature!
You squeeze the enormous slime creature!
The enormous slime creature is heavily wounded.
The wall freezes the slime creature.
The slime creature misses you.
Unknown command.
You batter the enormous slime creature!!
You squeeze the enormous slime creature!
The enormous slime creature is heavily wounded.
The wall freezes the enormous slime creature.
The enormous slime creature hits you!!!
The wall freezes the slime creature!
The slime creature hits you but does no damage.
Unknown command.
You bludgeon the enormous slime creature!
You squeeze the enormous slime creature!
The enormous slime creature is severely wounded.
The wall freezes the enormous slime creature!
The enormous slime creature hits you!!
* * * LOW HITPOINT WARNING * * *
The wall freezes the slime creature!
The slime creature barely misses you.
You tentacle-slap the enormous slime creature but do no damage.
The enormous slime creature is severely wounded.
The wall freezes the enormous slime creature!
The enormous slime creature hits you!!!
* * * LOW HITPOINT WARNING * * *
The wall freezes the slime creature!
The slime creature hits you but does no damage.
The wall freezes the enormous slime creature.
The enormous slime creature hits you!!!
You die...
Your body crumbles into a pile of gold.

##.### #...# ..
##.#.# .<.. ..
...#.# #..# .#
.###.# #..# .# .#
#.# #..## .### .#
#.# #... ...
.###.########.###J##
...........##...8J.#
####.....^.........#
####.##########.##.#
.....# #.# .# ####.#
#.# # # #.# #.# #
#.# #.# # #.# #.# #
#.# #.#


You could see an enormous slime creature and a slime creature.

Vanquished Creatures
  Nessos (D:12)
  A fire dragon (Lair:5)
  Harold (Lair:1)
  Josephine (D:10)
  6 hydras
  2 boulder beetles
  8 two-headed ogres
  A hell knight (Volcano)
  A swamp dragon (Lair:5)
  Lodul (D:13)
  A bog body (Lair:2)
  A wolf spider zombie (D:8)
  An orc knight (D:11)
  An orc sorcerer (D:11)
  A cyclops (D:12)
  An ugly thing (D:9)
  A manticore (D:12)
  36 elephants
  A gargoyle (D:10)
  5 black mambas
  3 centaur skeletons
  14 cane toads
  Psyche (D:10)
  A redback zombie (D:8)
  An unseen horror (D:11)
  A rime drake (Lair:5)
  A kobold demonologist (D:12)
  2 hellwings (D:8)
  7 komodo dragons
  3 trolls
  27 blink frogs
  2 hornets
  A meliai zombie (D:12)
  A shadow (D:11)
  A centaur simulacrum (D:12)
  41 yaks
  9 wraiths
  A vampire (D:11)
  A wyvern (Lair:1)
  9 basilisks
  2 humans (D:9)
  2 steam dragons
  A warg (D:11)
  3 acid dragons
  13 water moccasins
  3 swamp drakes (Lair:5)
  A hornet zombie (D:7)
  3 black bears (D:5)
  17 orc warriors
  A sky beast (D:8)
  8 ogres
  8 wolves
  17 centaurs
  A phantom (D:4)
  2 kobold brigands
  10 bullfrogs
  3 gnoll sergeants
  4 scorpions
  6 necrophages
  A wyvern zombie (D:7)
  12 wights
  10 killer bees
  2 howler monkeys
  2 lava snakes (D:12)
  A crimson imp (D:3)
  3 centaur zombies
  6 hounds
  A jelly (D:7)
  3 gnoll boudas
  6 orc priests
  Jessica (D:2)
  7 iguanas
  A boggart zombie (D:8)
  Natasha (thrice) (D:3)
  19 orc wizards
  7 hell rats (Lair:5)
  A killer bee zombie (D:7)
  A howler monkey zombie (D:7)
  Robin (D:3)
  4 adders
  23 gnolls
  5 shadow imps (D:8)
  3 white imps
  3 ufetubi
  2 worms
  4 dart slugs
  77 orcs
  7 endoplasms
  6 giant cockroaches
  10 hobgoblins
  5 jackals (D:4)
  3 quokkas
  6 ball pythons
  7 bats
  7 frilled lizards
  20 goblins
  A goblin skeleton (D:3)
  A goblin zombie (D:3)
  3 hobgoblin zombies (D:3)
  19 kobolds
  2 kobold skeletons (D:3)
  2 kobold zombies (D:3)
  An orc zombie (D:3)
  7 rats
  A spectral orc (D:6)
621 creatures vanquished.

Vanquished Creatures (collateral kills)
  An ogre mage (Volcano)
1 creature vanquished.

Vanquished Creatures (others)
  An orc wizard (D:4)
  A bush (Lair:5)
  49 fungi
  56 plants
  4 withered plants (D:7)
111 creatures vanquished.

Grand Total: 733 creatures vanquished

Notes
Turn   | Place    | Note
-------+----------+-------------------------------------------
     0 | D:1      | jagoly the Octopode Transmuter began the quest for the Orb.
     0 | D:1      | Reached XP level 1. HP: 13/13 MP: 3/3
    64 | D:1      | Reached skill level 1 in Poison Magic
    68 | D:1      | Reached XP level 2. HP: 7/18 MP: 5/5
   585 | D:1      | Reached XP level 3. HP: 18/23 MP: 4/6
   702 | D:1      | Found a faded altar of an unknown god.
   743 | D:1      | Learned a level 2 spell: Wereblood
   747 | D:1      | Learned a level 3 spell: Spider Form
  1359 | D:2      | Noticed Jessica
  1364 | D:2      | Killed Jessica
  1365 | D:2      | Reached skill level 1 in Ice Magic
  1365 | D:2      | Reached XP level 4. HP: 19/28 MP: 2/7
  2086 | D:3      | Noticed Robin
  2090 | D:3      | Reached XP level 5. HP: 30/33 MP: 3/8
  2114 | D:3      | Killed Robin
  2334 | D:3      | Noticed Natasha
  2384 | D:3      | Found a glowing golden altar of the Shining One.
  2484 | D:3      | Found a shimmering altar of Xom.
  2509 | D:3      | Found a hide-covered altar of Uskayaw.
  2521 | D:3      | Found Humu's General Store.
  2524 | D:3      | Bought a scroll of identify for 20 gold pieces
  2566 | D:3      | HP: 1/33 [something (2)]
  2570 | D:3      | Reached skill level 5 in Transmutations
  2570 | D:3      | Reached XP level 6. HP: 3/38 MP: 9/9
  2647 | D:3      | Killed Natasha
  3018 | D:3      | Found a blossoming altar of Fedhas.
  3019 | D:3      | Found an ancient bone altar of Kikubaaqudgha.
  3024 | D:3      | Found an opulent altar of Gozag.
  3032 | D:3      | Became a worshipper of Gozag Ym Sagoz the Greedy
  3265 | D:3      | Found Xizir's Jewellery Boutique.
  3316 | D:3      | Found Peocu's Book Shop.
  3416 | D:3      | Noticed Natasha
  3430 | D:3      | Killed Natasha
  3720 | D:3      | Found a hide-covered altar of Uskayaw.
  3773 | D:3      | Noticed Natasha
  3784 | D:3      | Killed Natasha
  3982 | D:4      | Found a snail-covered altar of Cheibriados.
  4089 | D:4      | Found an ornate altar of the Wu Jian Council.
  4266 | D:4      | Reached XP level 7. HP: 44/44 MP: 4/10
  4769 | D:4      | Found Bulonuac's Neck Hole.
  4880 | D:4      | Learned a level 4 spell: Ice Form
  4881 | D:5      | Entered Level 5 of the Dungeon
  4926 | D:5      | Noticed a wraith
  4951 | D:5      | Killed a wraith
  4952 | D:5      | Reached XP level 8. HP: 23/52 MP: 8/11
  5114 | D:5      | Reached skill level 5 in Ice Magic
  5323 | D:3      | Bought a book of Rime for 308 gold pieces
  5327 | D:3      | Learned a level 3 spell: Frozen Ramparts
  5415 | D:5      | Reached XP level 9. HP: 56/56 MP: 9/13
  5464 | D:5      | Found a white marble altar of Elyvilon.
  6098 | D:6      | Found a staircase to the Ecumenical Temple.
  6104 | D:6      | Identified the +6 mace of the Cup {freeze, Dex+2}
  6367 | D:6      | Found a basalt altar of Yredelemnul.
  6698 | D:6      | Noticed a rust devil
  6698 | D:6      | Noticed a rust devil
  6827 | D:7      | Learned a level 2 spell: Blink
  6830 | D:7      | Found a radiant altar of Vehumet.
  7040 | D:7      | Reached skill level 1 in Translocations
  7227 | D:7      | Found a shadowy altar of Dithmenos.
  8315 | D:8      | Reached XP level 10. HP: 63/63 MP: 7/16
  8390 | D:8      | Found a flagged portal.
  8395 | D:8      | Reached skill level 10 in Transmutations
  8497 | Bailey   | Entered a bailey
  8686 | Bailey   | Reached skill level 5 in Fighting
  8686 | Bailey   | Reached skill level 5 in Unarmed Combat
  9783 | Bailey   | Identified the +5 mace of the Hummingbird {vorpal, rF+
                  | Str+5}
 10213 | D:8      | Reached skill level 1 in Earth Magic
 10472 | D:8      | Reached XP level 11. HP: 35/75 MP: 17/17
 10846 | D:8      | Found a staircase to the Lair.
 11433 | D:9      | Noticed a white ugly thing
 11446 | D:9      | Killed a white ugly thing
 11447 | D:9      | Reached skill level 1 in Stealth
 11447 | D:9      | Reached skill level 5 in Spellcasting
 11447 | D:9      | Reached skill level 1 in Evocations
 11521 | D:9      | Identified the +6 dagger "Xayn" {freeze, +Blink rC++ Will-
                  | SInv}
 11777 | D:9      | Found an iron altar of Okawaru.
 11799 | D:9      | Reached skill level 5 in Earth Magic
 12113 | D:9      | Found a sparkling altar of Nemelex Xobeh.
 12387 | D:10     | Entered Level 10 of the Dungeon
 12387 | D:10     | Noticed a two-headed ogre
 12441 | D:10     | Noticed a two-headed ogre
 12459 | D:10     | Killed a two-headed ogre
 12620 | D:10     | Noticed a two-headed ogre
 12627 | D:10     | Killed a two-headed ogre
 12664 | D:10     | Found a stormy altar of Qazlal.
 12845 | D:10     | Killed a two-headed ogre
 12959 | D:10     | Noticed Psyche
 12969 | D:10     | Killed Psyche
 13080 | D:10     | Reached XP level 12. HP: 66/82 MP: 12/19
 13314 | D:10     | Noticed Josephine
 13353 | D:10     | Killed Josephine
 13899 | D:3      | Bought a book of the Earth for 396 gold pieces
 13906 | D:3      | Learned a level 6 spell: Statue Form
 14019 | Lair:1   | Entered Level 1 of the Lair of Beasts
 14395 | Lair:1   | Noticed Harold
 14466 | Lair:1   | Reached skill level 10 in Earth Magic
 15601 | Lair:2   | Found a staircase to the Swamp.
 15731 | Lair:1   | Reached XP level 13. HP: 88/88 MP: 12/20
 16830 | Lair:3   | Found a staircase to the Snake Pit.
 18133 | Lair:5   | Entered Level 5 of the Lair of Beasts
 18240 | Lair:4   | Reached XP level 14. HP: 95/95 MP: 17/24
 18540 | Lair:5   | Identified the +7 battleaxe "Saalerchey" {flame, rElec
                  | SInv}
 18628 | Lair:5   | Found a dark tunnel.
 18699 | Volcano  | Entered a volcano
 18797 | Volcano  | Reached skill level 10 in Fighting
 18798 | Volcano  | Reached skill level 10 in Unarmed Combat
 18933 | Volcano  | Learned a level 3 spell: Ignite Poison
 18974 | Lair:5   | Identified the +1 flail of Wahygaam {vorpal, rN+}
 19067 | Lair:5   | Found a viscous altar of Jiyva.
 19068 | Lair:5   | Found a staircase to the Slime Pits.
 19727 | Lair:1   | Killed Harold
 20006 | D:11     | Found a staircase to the Orcish Mines.
 20544 | D:11     | Reached XP level 15. HP: 105/105 MP: 16/26
 21399 | D:12     | Identified the +0 chain mail of the Lair of Beasts {Fly}
 21445 | D:12     | Found Obebewk's Jewellery Shoppe.
 21637 | D:12     | Noticed Nessos
 21660 | D:12     | Killed Nessos
 22040 | D:12     | Reached skill level 5 in Evocations
 22085 | D:12     | Learned a level 6 spell: Eringya's Noxious Bog
 22194 | D:13     | Noticed Lodul
 22201 | D:13     | Killed Lodul
 22269 | D:13     | HP: 6/136 [enormous slime creature (48)]
 22269 | D:13     | Annihilated by an enormous slime creature

Illustrated notes

Levels and vault maps discovered:
D:1:      wander_arrival_lonely_grave, layout_basic,
          chequers_ecumenical_altar_twisty, grunt_decor_mini_mirrors,
          minmay_misc_feat_secret_circle
D:2:      layout_loops_ring, uniq_jessica
D:3:      layout_basic, nicolae_tso_besieged_by_evil,
          mainiacjoe_overflow_cross_hatched, nicolae_overflow_hidden_temple,
          grunt_temple_overflow_open, serial_shops, shop,
          nicolae_lakefront_shop, nicolae_shop_hallway_stairs, uniq_robin,
          uniq_natasha
D:4:      nicolae_cairo_tiling_very_big, layout_cave_pools,
          mainiacjoe_overflow_boulevard, mainiacjoe_overflow_alcove_2,
          st_stairs_3, nicolae_shop_sticking_my_neck_out
D:5:      cheibrodos_fzero, layout_loops_ring, mainiacjoe_overflow_catwalk
D:6:      cheibrodos_iron_armory, layout_rooms,
          yredelemnul_forgotten_temple_becter, temple_green
D:7:      layout_layer_cave, old_standard_altar, vehumet_altar_wand_db,
          serial_undead, serial_undead_d, serial_undead_b, serial_undead_c,
          serial_undead_d, minmay_manual_mullet
D:8:      cheibrodos_grave_circle, layout_loops_ring,
          grunt_lair_entry_orc_guard_hut, enter_bailey_5
D:9:      layout_irregular_city, okawaru_humans, nemelex_diamond_rough_becter,
          wad_floor_pattern_2
D:10:     layout_loops_corners, lemuel_doored_altar, uniq_psyche, uniq_josephine
D:11:     layout_irregular_city, david_orc_2
D:12:     layout_gridville, minmay_misc_feat_room, minmay_splitting_lines,
          chequers_decorated_corner, nicolae_inconvenience_store,
          hangedman_weighted_door, uniq_nessos
D:13:     layout_loops_ring, grunt_vaults_entry_tiered, nicolae_shop_clearance,
          uniq_urug, uniq_lodul
Lair:1:   layout_regular_city, st_stairs_10, grunt_megastairs_4, uniq_harold
Lair:2:   layout_layer_cave, skrybe_swamp_entry_bodies,
          grunt_forest_stairs_basic, roderic_carrion_pond
Lair:3:   layout_misc_corridors, minmay_snake_entry_six_corridors
Lair:4:   layout_roguey
Lair:5:   guppyfry_lair_end_dragon, layout_loops_ring, slime_entry_1,
          enter_volcano_2, grunt_megastairs_3, infiniplex_staircase_pool_2

Skill      XL: |  1  2  3  4  5  6  7  8  9 10 11 12 13 14 15 |
---------------+----------------------------------------------+-----
Poison Magic   | 1 2 3 4 |  4.5
Transmutations | 3 4 5 6 8 9 10 11 12 13 | 13.4
Ice Magic      | 1 2 3 5 6 7 |  7.0
Fighting       | 3 4 7 8 10 | 10.7
Spellcasting   | 3 4 5 6 7 8 |  8.2
Translocations | 2 |  2.0
Unarmed Combat | 4 7 8 10 | 10.7
Earth Magic    | 3 6 11 12 13 | 13.0
Stealth        | 2 |  2.0
Evocations     | 2 4 5 |  5.1
Dodging        | |  2.0

Action                   |  1- 3 |  4- 6 |  7- 9 | 10-12 | 13-15 || total
-------------------------+-------+-------+-------+-------+-------++-------
Melee: Unarmed           |    66 |   198 |   325 |   446 |   437 ||  1472
       Constrict         |    17 |    19 |     3 |       |    49 ||    88
       Kick              |    14 |    21 |     4 |       |       ||    39
       Punch             |     3 |     1 |     3 |       |    45 ||    52
       Tentacles         |     9 |    17 |     2 |     1 |   143 ||   172
       Spear             |       |       |       |    14 |       ||    14
 Fire: Sling             |       |       |       |    83 |    45 ||   128
Throw: Dart              |       |       |       |    19 |    14 ||    33
       Javelin           |       |       |       |       |     1 ||     1
 Cast: Beastly Appendage |    14 |    21 |     2 |       |       ||    37
       Spider Form       |     3 |    24 |     6 |       |       ||    33
       Wereblood         |       |     6 |    12 |    14 |     4 ||    36
       Ice Form          |       |       |    30 |    56 |     1 ||    87
       Frozen Ramparts   |       |       |    18 |    84 |    71 ||   173
       Blink             |       |       |       |     2 |     1 ||     3
       Statue Form       |       |       |       |     1 |    61 ||    62
       Ignite Poison     |       |       |       |       |     1 ||     1
Invok: Potion Petition   |       |       |       |     3 |       ||     3
 Abil: End Transformatio |       |     1 |       |     1 |     6 ||     8
Evoke: Wand              |       |       |       |    10 |     2 ||    12
  Use: Scroll            |       |     7 |     2 |     8 |     5 ||    22
       Potion            |       |       |     2 |     1 |     1 ||     4
 Stab: Sleeping          |     5 |     6 |     1 |     2 |       ||    14
       Distracted        |     1 |     2 |     1 |       |     3 ||     7
Armor: Skin              |     4 |    12 |   141 |   166 |   497 ||   820
Dodge: Dodged            |    29 |   124 |   164 |   267 |   592 ||  1176
